 Dungeon Crawl Stone Soup version 0.28.0-53-g5a82cb258f (webtiles) character file.

Game seed: 15075689192389176564

7 Descartes the Sneak (level 1, -1/11 HPs)
             Began as a Spriggan Delver on May 29, 2022.
             Slain by an orc
             ... wielding a +0 hand axe
              (3 damage)
             ... on level 3 of the Dungeon.
             The game lasted 00:00:56 (514 turns).

Descartes the Sneak (Spriggan Delver)                Turns: 514, Time: 00:00:57

Health: -1/11      AC:  2    Str:  8    XL:     1   Next: 91%
Magic:  2/2        EV: 17    Int: 11    God:
Gold:   64         SH:  0    Dex: 16    Spells: 0/0 levels left

rFire   . . .      SeeInvis +   a - +0 short sword
rCold   . . .      Faith    .   (no shield)
rNeg    . . .      Spirit   .   b - +0 robe
rPois   .          Reflect  .   (helmet restricted)
rElec   .          Harm     .   (no cloak)
rCorr   .          Rampage  .   (gloves unavailable)
Will    .....                   (boots unavailable)
Stlth   ++++......              (no amulet)
HPRegen 0.03/turn               (no ring)
MPRegen 0.08/turn               (no ring)

@: very quick
A: very small, no large weapons, unfitting armour, see invisible, speed 3
a: no special abilities


You were on level 3 of the Dungeon.
You visited 1 branch of the dungeon, and saw 3 of its levels.

You collected 64 gold pieces.

Inventory:

Hand Weapons
 a - a +0 short sword (weapon)
Missiles
 j - 5 poisoned darts (quivered)
Armour
 b - a +0 robe (worn)
Wands
 g - a wand of digging (3)
Scrolls
 c - a scroll of fog
 d - a scroll of magic mapping
 e - a scroll of fear
 i - a scroll of identify {unknown}
 l - a scroll of summoning {unknown}
Potions
 f - a potion of haste
 h - a potion of curing {unknown}
 k - a potion of flight {unknown}
 m - a potion of invisibility {unknown}


   Skills:
 - Level 2.4 Fighting
 + Level 2.4 Short Blades
 + Level 3.0 Dodging
 + Level 7.4 Stealth


You couldn't memorise any spells.
You didn't know any spells.
Your spell library contained the following spells:

 Spells                   Type           Power      Damage    Failure   Level
 Blade Hands              Tmut           0%         N/A       100%        5
 Irradiate                Conj/Tmut      0%         3d13      100%        5
 Dragon Form              Tmut           0%         N/A       100%        7


Dungeon Overview and Level Annotations

Branches:
Dungeon (5/15)
 Temple: D:4-7

Altars:
Nemelex Xobeh


Innate Abilities, Weirdness & Mutations

You are very small and have problems with some larger weapons.
You are too small for most types of armour.
You have supernaturally acute eyesight. (SInv)
You cover ground extremely quickly. (Speed+++)


Message History

You are too injured to fight recklessly!
You are too injured to fight recklessly!
You are too injured to fight recklessly!
You are too injured to fight recklessly!
You are too injured to fight recklessly!
You miss the jackal. The jackal closely misses you.
You hit the jackal.
The jackal is severely wounded.
The jackal bites you but does no damage.
Unknown command.
You hit the jackal.
You kill the jackal!
The jackal closely misses you.
Your Dodging skill increases to level 3!
You hit the jackal.
The jackal is heavily wounded.
The jackal barely misses you.
You hit the jackal.
You kill the jackal!
HP restored.
An orc wizard and an orc come into view.
An orc comes into view. It is wielding a +0 hand axe.
The orc shouts!
An orc comes into view. It is wielding a +0 mace.
There is a stone staircase leading down here.
You hit the orc but do no damage. The orc barely misses you.
You barely miss the orc. The orc misses you.
You barely miss the orc. The orc barely misses you.
You hit the orc but do no damage. The orc closely misses you.
You hit the orc but do no damage. The orc hits you with a +0 hand axe.
You hit the orc but do no damage. The orc closely misses you.
You hit the orc.
The orc is lightly wounded.
The orc hits you with a +0 hand axe!
Ouch! That really hurt!
* * * LOW HITPOINT WARNING * * *
You hit the orc but do no damage.
The orc is lightly wounded.
The orc hits you with a +0 hand axe.
You die...

#.# # #.# # #.# # #.# #
#.####### ######......##
#####.......###...
#...........# #.##
#@###.####..# # # #o#
#.# #..... # #># #.#
#.##.# # #.# #.# #.#
.#### #. #.# #.# #.#
..## #.#.##.# #.# #.#
#.## ##.....###.# #.#
#.## .#..........## #.#
##.##
#..#####.#.#.###.###...#


You could see an orc.

Vanquished Creatures
  An orc (D:4)
  4 jackals (D:3)
5 creatures vanquished.

Notes
Turn   | Place    | Note
-------+----------+-------------------------------------------
     0 | D:5      | Descartes the Spriggan Delver began the quest for the Orb.
     0 | D:5      | Reached XP level 1. HP: 11/11 MP: 2/2
   144 | D:4      | Found a sparkling altar of Nemelex Xobeh.
   481 | D:3      | Noticed an orc wizard
   514 | D:3      | Slain by an orc

Illustrated notes

Levels and vault maps discovered:
D:3:      minmay_diamond_boxcup, layout_loops_ring,
          nicolae_dithmenos_the_darkroom, mainiacjoe_overflow_cross_hatched,
          serial_shops, shop_scrolls, bh_walls_and_bars
D:4:      layout_layer_cave, mainiacjoe_overflow_tiny_flanked,
          lemuel_crystal_altar, kennysheep_decorative_pillar, minmay_lizard_king
D:5:      layout_rooms, temple_statues, chequers_serial_rivers_large_b,
          grunt_ministairs_14

Skill      XL: |  1 |
---------------+----+-----
Dodging        | 3 |  3.0
Fighting       | |  2.4
Short Blades   | |  2.4
Stealth        | |  7.4

Action                   || total
-------------------------++-------
Melee: Short sword       ||    36
       Punch             ||     1
 Stab: Sleeping          ||     1
Armor: Robe              ||     3
Dodge: Dodged            ||    31
